 Dungeon Crawl Stone Soup version 0.22.1-5-g62c59d9 (webtiles) character file.

1524 Fang the Chopper (level 8, -3/51 HPs)
             Began as a Gargoyle Berserker on Jan 15, 2019.
             Was a Priest of Trog.
             Slain by an ogre
             ... wielding a +0 giant spiked club
              (20 damage)
             ... on level 5 of the Dungeon.
             The game lasted 00:05:43 (4096 turns).

Fang the Chopper (Gargoyle Berserker)               Turns: 4096, Time: 00:05:43

Health: -3/51      AC: 17    Str: 24    XL:     8   Next: 84%
Magic:  8/8        EV:  9    Int:  7    God:    Trog [***...]
Gold:   304        SH:  0    Dex:  9    Spells: 7/7 levels left

rFire    . . .     SeeInvis .   a - +0 hand axe
rCold    . . .     Gourm    .   (no shield)
rNeg     + . .     Faith    .   j - +0 chain mail
rPois    ∞         Spirit   .   h - +0 helmet
rElec    +         Reflect  .   (no cloak)
rCorr    .         Harm     .   (no gloves)
MR       .....                  (no boots)
Stlth    ..........             (no amulet)
HPRegen  0.17/turn              (no ring)
MPRegen  0.11/turn              (no ring)

@: berserk cooldown, slowed, very slow
A: negative energy resistance 1, electricity resistance, unbreathing,
petrification resistance, rot immunity, AC +5
a: Berserk, Trog's Hand, Renounce Religion


You were on level 5 of the Dungeon.
You worshipped Trog.
Trog was most pleased with you.
You were not hungry.

You visited 2 branches of the dungeon, and saw 6 of its levels.

You collected 304 gold pieces.

Inventory:

Hand Weapons
 a - a +0 hand axe (weapon)
Armour
 h - a +0 helmet (worn)
 j - a +0 chain mail (worn)
Wands
 s - a wand of acid (6)
Scrolls
 e - a scroll of enchant weapon {unknown}
 g - 4 scrolls of remove curse {unknown}
 i - 2 scrolls of teleportation {unknown}
 k - a scroll of immolation {unknown}
 l - 2 scrolls of amnesia {unknown}
 m - a scroll of fog {unknown}
 p - a scroll of blinking {unknown}
 q - a scroll of identify {unknown}
 r - a scroll of noise {unknown}
Potions
 b - 4 potions of heal wounds {unknown}
 d - 2 potions of lignification {unknown}
 f - 3 potions of curing {unknown}
 n - 2 potions of ambrosia {unknown}
 o - a potion of might {unknown}
 u - a potion of agility {unknown}
Comestibles
 c - 13 rations
 t - 5 chunks of flesh


   Skills:
 + Level 5.7 Fighting
 + Level 7.7 Axes
 + Level 5.9 Armour
 + Level 2.9 Dodging
 + Level 1.0 Stealth


You had 7 spell levels left.
You didn't know any spells.
Your spell library was empty.

Dungeon Overview and Level Annotations

Branches:
Dungeon (5/15)             Temple (1/1) D:4

Altars:
Cheibriados
Dithmenos
Kikubaaqudgha
Xom


Innate Abilities, Weirdness & Mutations

You are resistant to torment.
Your stone body is resilient. (AC +5)
You are immune to poison.
You resist negative energy. (rN+)
You are resistant to electric shocks. (rElec)
You can survive without breathing.
You are immune to petrification.
You are immune to rotting.


Message History

There isn't anything to butcher here.
You feel a strong urge to attack something.
You are no longer berserk.
You are exhausted.
You feel yourself slow down.
Items here: ! ) [ † a dagger; a robe; a glowing sapphire potion; the elf corpse of Dowan You butcher the elf corpse of Dowan.
The ogre completely misses you.
Items here: ! % ) [ a dagger; a robe; a glowing sapphire potion; a chunk of flesh Eat one of 6 chunks of flesh? (ye/n/q)
You eat one of the 6 chunks of flesh.
This raw flesh tastes terrible.
The ogre hits you with a giant spiked club.
An ogre is nearby!
The ogre hits you with a giant spiked club!
Things that are here:
a short sword; a leather armour You're still recovering from your berserk rage.
The ogre hits you with a giant spiked club!!
You die...

##.#.# ...#.##
####..... #.##.#
.##### #....##......
#.##.....#
#####.##.))..#
#......#.O...#
###.###..#.@..$#
#.#....##..#.....'...
#.#.#.###..#.....####
#.#.##..†..#.....#
#.#.......##.....'.
#.####.#####.....###
#.# #.# ##.....
####.####.# #.#####
).........#


You could see an ogre.

Vanquished Creatures
  Pikel (D:4)
  Eustachio (D:4)
  Duvessa (D:5)
  3 ogres
  Dowan (D:5)
  2 scorpions
  A howler monkey (D:5)
  2 crimson imps (D:5)
  A bullfrog zombie (D:5)
  An orc wizard (D:4)
  An orc priest (D:4)
  An iguana (D:5)
  A worker ant (D:4)
  A hound skeleton (D:4)
  4 gnolls (D:4)
  5 adders
  A shadow imp (D:4)
  2 oozes
  3 worms
  2 dart slugs
  6 leopard geckos
  3 orcs
  3 giant cockroaches
  7 goblins
  7 hobgoblins
  4 jackals (D:2)
  A quokka (D:3)
  6 bats
  5 frilled lizards
  6 kobolds
  14 rats
97 creatures vanquished.

Vanquished Creatures (others)
  A human (D:4)
1 creature vanquished.

Grand Total: 98 creatures vanquished

Notes
Turn   | Place    | Note
-------+----------+-------------------------------------------
     0 | D:1      | Fang the Gargoyle Berserker began the quest for the Orb.
     0 | D:1      | Reached XP level 1. HP: 14/14 MP: 1/1
    47 | D:1      | Reached XP level 2. HP: 12/19 MP: 2/2
    71 | D:1      | Reached skill level 3 in Axes
   451 | D:1      | Reached ** piety under Trog
   921 | D:2      | Reached XP level 3. HP: 24/24 MP: 3/3
  1271 | D:2      | Found a snail-covered altar of Cheibriados.
  1358 | D:2      | Reached XP level 4. HP: 28/29 MP: 4/4
  1758 | D:3      | Found a shimmering altar of Xom.
  1965 | D:3      | Found an ancient bone altar of Kikubaaqudgha.
  2061 | D:3      | Found a shadowy altar of Dithmenos.
  2233 | D:3      | Reached XP level 5. HP: 31/34 MP: 5/5
  2484 | D:3      | Reached *** piety under Trog
  2593 | D:4      | Noticed Eustachio
  2593 | D:4      | Noticed an ogre
  2601 | D:4      | Killed an ogre
  2601 | D:4      | Reached skill level 4 in Axes
  2606 | D:4      | Reached XP level 6. HP: 16/39 MP: 6/6
  2608 | D:4      | Killed Eustachio
  2608 | D:4      | Reached skill level 5 in Axes
  2654 | D:4      | Found a staircase to the Ecumenical Temple.
  2772 | D:4      | Reached XP level 7. HP: 38/44 MP: 7/7
  3139 | D:4      | Reached skill level 5 in Fighting
  3388 | D:4      | Found an ancient bone altar of Kikubaaqudgha.
  3389 | D:4      | Noticed a human
  3389 | D:4      | Noticed Pikel
  3392 | D:4      | Killed a human
  3404 | D:4      | Killed Pikel
  3404 | D:4      | Reached skill level 6 in Axes
  3404 | D:4      | Reached skill level 5 in Armour
  3404 | D:4      | Reached XP level 8. HP: 50/50 MP: 8/8
  3788 | Temple   | Entered the Ecumenical Temple
  3797 | D:5      | Entered Level 5 of the Dungeon
  3873 | D:5      | Reached skill level 7 in Axes
  4065 | D:5      | Noticed Duvessa
  4074 | D:5      | Noticed Dowan
  4083 | D:5      | Killed Dowan
  4089 | D:5      | Killed Duvessa
  4089 | D:5      | Reached skill level 1 in Stealth
  4096 | D:5      | Slain by an ogre

Skill      XL: |  1  2  3  4  5  6  7  8 |
---------------+-------------------------+-----
Axes           | 3 4 5 6 7 |  7.7
Fighting       | 4 5 |  5.7
Dodging        | 2 |  2.9
Armour         | 3 4 5 |  5.9
Stealth        | 1 |  1.0

Action                   |  1- 3 |  4- 6 |  7- 9 || total
-------------------------+-------+-------+-------++-------
Melee: Hand axe          |    92 |   160 |   155 ||   407
Invok: Berserk           |       |     2 |     3 ||     5
  Eat: Chunk             |     1 |     5 |     6 ||    12
       Ration            |       |       |     1 ||     1
Armor: Animal skin       |    12 |       |       ||    12
       Chain mail        |    48 |   100 |    97 ||   245
Dodge: Dodged            |    63 |    90 |    71 ||   224
